Map: Distant Plane

Players

Swabe

  • Race: Zerg Zerg
  • League: Bronze

Snachy

  • Race: Terran Terran

Blubbel

  • Race: Terran Terran
  • League: Silver

zod

  • Race: Protoss Protoss
  • League: Silver

VOD

Have the link to the VOD?

Description

Time

  • Played on: Dec. 30, 2015, 11:40 a.m.
  • Length: 4:49
Show
View Real Time Build Order
Export as new Build Order

Swabe Zerg 

Build Orders: Pool First 

Get SALT Encoding   

  12  0:01  Drone  
  13  0:12  Overlord  
  13  0:20  Drone  
  14  0:37  Spawning Pool  
  14  0:39  Drone  
  14  0:48  Drone  
  14  0:49  Drone  
  16  0:53  Drone  
  17  1:02  Drone  
  18  1:12  Drone  
  19  1:25  Drone  
  20  1:29  Extractor, Queen  
  21  1:59  Overlord, Zergling x2  
  22  2:15  Hatchery, Zergling x2  
  21  2:17  Zergling x2  
  23  2:26  Zergling x2  
  24  2:34  Zergling x2  
  25  2:41  Metabolic Boost  
  25  2:43  Zergling x6  
  28  2:48  Zergling x2  
  29  2:57  Zergling x2  
  30  3:08  Baneling Nest  
  30  3:10  Overlord  
  30  3:11  Overlord, Zergling x2  
  30  3:12  Overlord  
  29  3:32  Zergling x6  
  30  3:42  Zergling x6  
  30  3:43  Zergling x2  
  32  3:55  Zergling x4  
  32  3:59  Zergling x2  
  32  4:02  Zergling x2  
  35  4:10  Baneling x5  
  35  4:11  Baneling  
  35  4:13  Baneling  
  35  4:14  Zergling x2  
  35  4:15  Zergling x8  
Show
View Real Time Build Order
Export as new Build Order

Snachy Terran 

Build Orders:  

Get SALT Encoding   

  12  0:08  SCV  
  12  0:14  Supply Depot  
  13  0:20  SCV  
  14  0:32  SCV  
  15  0:38  Barracks  
  15  0:44  SCV  
  16  0:53  Barracks  
  16  0:56  SCV  
  17  1:08  SCV  
  18  1:12  Supply Depot  
  18  1:19  Barracks  
  18  1:26  Marine  
  18  1:28  SCV  
  20  1:40  SCV, Marine  
  20  1:44  Marine  
  23  1:52  SCV  
  24  1:58  Marine  
  25  2:02  Marine  
  25  2:04  SCV  
  25  2:05  Supply Depot  
  25  2:07  Marine  
  28  2:10  Supply Depot  
  28  2:16  Marine  
  28  2:19  Marine  
  30  2:25  Marine  
  30  2:28  Supply Depot  
  31  2:31  SCV  
  31  2:33  Marine  
  33  2:37  Marine  
  33  2:43  Marine  
  35  2:50  Supply Depot  
  35  2:54  Marine  
  35  2:55  Marine  
  37  3:00  Marine  
  38  3:12  SCV, Marine  
  40  3:13  Supply Depot, Marine  
  40  3:18  Marine  
  41  3:30  Marine  
  37  3:38  Marine x2  
  38  3:47  Marine  
  38  3:56  Marine x2  
  38  4:01  Supply Depot  
  40  4:05  Refinery, Marine  
  40  4:06  SCV, Refinery  
  39  4:13  Marine  
  39  4:14  Marine  
  41  4:18  SCV  
  41  4:23  Marine  
Show
View Real Time Build Order
Export as new Build Order

Blubbel Terran 

Build Orders:  

Get SALT Encoding   

  12  0:01  SCV  
  13  0:13  SCV  
  14  0:29  Supply Depot  
  14  0:31  SCV  
  15  0:35  Refinery  
  15  0:50  SCV  
  16  1:04  SCV  
  16  1:09  Barracks  
  17  1:22  Supply Depot  
  17  1:25  SCV  
  18  1:32  Engineering Bay  
  18  1:37  SCV  
  19  2:00  Refinery  
  20  2:04  Orbital Command  
  20  2:06  Marine  
  20  2:16  Factory  
  20  2:24  Marine  
  22  2:44  SCV  
  22  2:56  SCV  
  23  2:59  Marine  
  23  3:02  Command Center  
  24  3:08  SCV  
  24  3:12  Starport  
  25  3:20  SCV  
  25  3:22  Marine  
  25  3:53  Widow Mine  
  25  3:54  Medivac  
  28  4:14  Command Center  
  28  4:22  Supply Depot  
Show
View Real Time Build Order
Export as new Build Order

zod Protoss 

Build Orders:  

Get SALT Encoding   

  12  0:01  Probe (Chrono Boost)  
  13  0:12  Probe (Chrono Boost)  
  14  0:20  Pylon  
  14  0:27  Probe (Chrono Boost)  
  15  0:39  Probe (Chrono Boost)  
  16  0:42  Gateway  
  16  0:45  Assimilator  
  16  0:49  Probe (Chrono Boost)  
  17  1:00  Probe (Chrono Boost)  
  18  1:08  Gateway  
  18  1:10  Probe (Chrono Boost)  
  19  1:32  Cybernetics Core  
  19  1:48  Gateway  
  18  2:05  Nexus  
  18  2:09  Pylon  
  18  2:12  Assimilator  
  18  2:15  Probe (Chrono Boost)  
  19  2:26  Mothership Core (Chrono Boost)  
  19  2:28  Assimilator  
  21  2:30  Warp Gate  
  21  2:39  Adept  
  21  2:43  Adept  
  25  2:55  Pylon  
  25  3:05  Pylon  
  25  3:12  Zealot  
  27  3:16  Probe (Chrono Boost)  
  26  3:27  Probe (Chrono Boost)  
  25  3:47  Pylon  
  25  3:49  Pylon  
  25  3:58  Pylon  
  25  3:59  Probe (Chrono Boost)  
  25  4:01  Adept x2  
Tags
 
Add a new tag
Caveats
  • Supply blocks, unpowered buildings, or Contaminate may cause inaccurate times.
  • Supply counts are checked every 10 seconds.